 Dungeon Crawl Stone Soup version 0.24.1-14-gf8d2b509d9 (webtiles) character file.

Game seed: 135718441971789672, levelgen mode: deterministic

45 Hugehornet the Cudgeler (level 3, 0/23 HPs)
             Began as a Gargoyle Fighter on May 24, 2020.
             Slain by a worker ant (2 damage)
             ... on level 2 of the Dungeon.
             The game lasted 00:01:44 (1074 turns).

Hugehornet the Cudgeler (Gargoyle Fighter)          Turns: 1074, Time: 00:01:45

Health: 0/23       AC: 10    Str: 19    XL:     3   Next: 64%
Magic:  3/3        EV:  7    Int:  9    God:
Gold:   51         SH:  9    Dex:  9    Spells: 2/2 levels left

rFire    . . .     SeeInvis .   a - +0 flail
rCold    . . .     Gourm    .   c - +0 shield
rNeg     + . .     Faith    .   b - +0 scale mail
rPois    ∞         Spirit   .   (no helmet)
rElec    +         Reflect  .   (no cloak)
rCorr    +         Harm     .   (no gloves)
MR       .....                  (no boots)
Stlth    ..........             (no amulet)
HPRegen  0.07/turn              h - ring of resist corrosion
MPRegen  0.08/turn              (no ring)

@: no status effects
A: negative energy resistance 1, electricity resistance, unbreathing,
petrification resistance, rot immunity, AC +3
a: no special abilities


You were on level 2 of the Dungeon.
You were not hungry.

You visited 1 branch of the dungeon, and saw 2 of its levels.

You collected 51 gold pieces.

Inventory:

Hand Weapons
 a - a +0 flail (weapon)
Armour
 b - a +0 scale mail (worn)
 c - a +0 shield (worn)
Jewellery
 h - a ring of resist corrosion (left hand)
Scrolls
 g - a scroll of remove curse {unknown}
 i - a scroll of identify {unknown}
 j - a scroll of teleportation {unknown}
 k - a scroll of magic mapping {unknown}
Potions
 d - a potion of might
 e - a potion of curing {unknown}
Comestibles
 f - 6 rations
 l - a chunk of flesh


   Skills:
 - Level 3.2 Fighting
 + Level 3.9 Maces & Flails
 - Level 3.2 Armour
 - Level 3.2 Shields


You had 2 spell levels left.
You didn't know any spells.
Your spell library was empty.

Dungeon Overview and Level Annotations

Branches:
Dungeon (2/15)

Altars:


Innate Abilities, Weirdness & Mutations

You are resistant to torment.
Your stone body is resilient. (AC +3)
You are immune to poison.
You resist negative energy. (rN+)
You are resistant to electric shocks. (rElec)
You can survive without breathing.
You are immune to petrification.
You are immune to rotting.


Message History

You hit the worker ant but do no damage.
The worker ant is moderately wounded.
The worker ant bites you but does no damage.
You closely miss the worker ant.
The worker ant is moderately wounded.
The worker ant bites you.
* * * LOW HITPOINT WARNING * * *
The worker ant bites you but does no damage.
You barely miss the worker ant.
The worker ant is moderately wounded.
The worker ant misses you.
Your shield and scale mail prevent you from hitting the worker ant.
The worker ant is moderately wounded.
The worker ant bites you.
* * * LOW HITPOINT WARNING * * *
You block the worker ant's attack.
You hit the worker ant but do no damage.
The worker ant is moderately wounded.
The worker ant bites you.
You die...

.........#
.........#
>........####
.............
.........###.
#### .........#
## #.$.
######..###
#...####
##...###
#...@aS###
#......
######Kr.##
#......
###..#####......
##..?.##..(...
#...[....##.#
#........##.#
#...!.......#
#.?..$...#..#
#...........#


You could see a worker ant, an adder, a kobold and a rat.

Vanquished Creatures
  An adder (D:2)
  2 dart slugs (D:1)
  A leopard gecko (D:1)
  3 bats
  A giant cockroach (D:1)
  2 goblins (D:1)
  6 hobgoblins (D:1)
  5 frilled lizards (D:1)
  8 kobolds
  A rat (D:1)
30 creatures vanquished.

Notes
Turn   | Place    | Note
-------+----------+-------------------------------------------
     0 | D:1      | Hugehornet the Gargoyle Fighter began the quest for the
                  | Orb.
     0 | D:1      | Reached XP level 1. HP: 14/14 MP: 1/1
   361 | D:1      | Reached XP level 2. HP: 19/19 MP: 2/2
   657 | D:1      | Reached XP level 3. HP: 23/23 MP: 3/3
  1074 | D:2      | Slain by a worker ant

Levels and vault maps discovered:
D:1:      shiori_shiawase, layout_rooms, serial_forest,
          infiniplex_forest_lined_2, infiniplex_forest_straight_4,
          infiniplex_forest_lined_room_, infiniplex_forest_clump_double,
          infiniplex_forest_straight_3, infiniplex_forest_straight_4,
          infiniplex_forest_lined_3, infiniplex_forest_lined_room_3,
          serial_bayou_pond_d, minmay_tetromino_t4
D:2:      minmay_diamond_boxcup, layout_rooms, lemuel_doored_altar,
          first_ration, hangedman_glass_teeth, uniq_crazy_yiuf_cottage,
          uniq_terence

Skill      XL: |  1  2 |
---------------+-------+-----
Maces & Flails | 3 |  3.9
Fighting       | |  3.2
Armour         | |  3.2
Shields        | |  3.2

Action                   || total
-------------------------++-------
Melee: Flail             ||   131
  Eat: Chunk             ||     1
Armor: Scale mail        ||    80
Dodge: Dodged            ||    60
Block: Shield            ||    85
